 Dungeon Crawl Stone Soup version 0.19.0-1-g5985abe (webtiles) character file.

892 varam the Shield-Bearer (level 7, 30/52 HPs)
             Began as a Demonspawn Fighter on Nov 2, 2016.
             Quit the game on level 4 of the Dungeon.
             The game lasted 00:07:51 (3766 turns).

varam the Shield-Bearer (Demonspawn Fighter)        Turns: 3766, Time: 00:07:51

Health: 30/52      AC:  7    Str: 16    XL:     7   Next: 78%
Magic:  7/7        EV:  7    Int: 10    God:
Gold:   249        SH: 10    Dex: 14    Spells: 0 memorised, 6 levels left

rFire  . . .     SeeInvis .     a - +0 war axe
rCold  . . .     Gourm    .     b - +0 scale mail
rNeg   . . .     Faith    .     c - +0 shield
rPois  .         Spirit   +     (no helmet)
rElec  .         Reflect  .     j - +0 cloak
rCorr  .         Harm     +     (no gloves)
MR     +....                    (no boots)
Stlth  ..........               p - amulet of harm
                                (no ring)
                                o - ring of protection from magic

@: no status effects
A: talons 1, powered by pain 2, magic shield, magic regeneration
a: no special abilities


You were on level 4 of the Dungeon.
You were not hungry.

You visited 1 branch of the dungeon, and saw 5 of its levels.
You also visited: Sewer.

You collected 249 gold pieces.

Inventory:

Hand Weapons
 a - a +0 war axe (weapon)
Armour
 b - a +0 scale mail (worn)
 c - a +0 shield (worn)
 j - a +0 cloak (worn)
Jewellery
 o - a ring of protection from magic (left hand)
 p - an amulet of harm (around neck)
Scrolls
 d - 2 scrolls of magic mapping
 e - 2 scrolls of immolation
 l - 3 scrolls of amnesia
 m - 2 scrolls of remove curse
 r - a scroll of blinking {unknown}
 t - a scroll of teleportation {unknown}
 u - a scroll of random uselessness {unknown}
Potions
 g - 2 potions of heal wounds
 h - a potion of lignification {unknown}
 i - a potion of resistance {unknown}
 k - a potion of magic {unknown}
 q - a potion of curing {unknown}
Comestibles
 f - 4 bread rations
 n - 2 slices of pizza


   Skills:
 - Level 3.0 Fighting
 + Level 6.0 Axes
 - Level 2.6 Armour
 + Level 6.3 Shields


You had 6 spell levels left.
You didn't know any spells.

Dungeon Overview and Level Annotations

Branches:
Dungeon (5/15)
 Temple: D:4-7

Altars:

Annotations:
D:5 Natasha, Prince Ribbit


Innate Abilities, Weirdness & Mutations

You have sharp toenails.
You sometimes gain power by taking damage.
When hurt, damage is shared between your health and your magic reserves.
You regenerate magic rapidly.


Message History

The orc wizard is severely wounded.
You block the orc wizard's attack. The orc wizard hits you with a dagger.
You hit the orc wizard.
The orc wizard is severely wounded.
The orc wizard mumbles some strange words.
You block the orc wizard's attack.
You hit the orc wizard.
You kill the orc wizard!
Your Axes skill increases to level 6!
Welcome back, varam the Demonspawn Fighter.
Press ? for a list of commands and other information.
All of the chunks of flesh in your inventory have rotted away.
p - a small copper amulet
Items here: )) [[ † a chain mail; a trident; a robe; a dagger; an orc corpse
Okay, then.
Okay, then.
Put on which piece of jewellery? (? for menu, Esc to quit)
p - an amulet of harm (around neck) Are you sure you want to abandon this character and quit the game? (Confirm with "yes".)

..##...#............... ..
######.............. ..
#.............. ..
#.......###'#### ..
#..[....#......####'#
#.......#............
#.......#......p.....
#.......#............
############.[)@p..#'#######..##
#.....#....................##..##
......#....)..)............#.....
......#......>.............'.....
......#.........p..........#.....
......#....................#.....
......'....................#.....
......#....................#.....
.######......[.............######


You could see 2 neutral freed slaves.

Vanquished Creatures
  Pikel (D:4)
  Purgy (Sewer)
  A black bear (D:4)
  An orc priest (D:4)
  Crazy Yiuf (D:2)
  An orc wizard (D:4)
  A bullfrog skeleton (D:4)
  2 iguanas (D:4)
  Robin (D:2)
  2 adders (D:3)
  5 worms
  A dart slug (D:1)
  A leopard gecko (D:4)
  7 orcs
  4 giant cockroaches
  6 hobgoblins
  10 jackals
  A quokka (D:3)
  2 ball pythons
  5 bats
  2 frilled lizards
  10 goblins
  6 kobolds
  2 leopard gecko skeletons (D:4)
  11 rats
85 creatures vanquished.

Notes
Turn   | Place    | Note
-------+----------+-------------------------------------------
     0 | D:1      | varam the Demonspawn Fighter began the quest for the Orb.
     0 | D:1      | Reached XP level 1. HP: 18/18 MP: 1/1
   313 | D:1      | Reached skill level 2 in Axes
   314 | D:1      | Reached skill level 3 in Shields
   376 | D:1      | Gained mutation: You sometimes gain a little power by taking damage. [demonic ancestry]
   376 | D:1      | Reached XP level 2. HP: 24/24 MP: 2/2
   991 | D:2      | Noticed Robin
   992 | D:2      | Reached XP level 3. HP: 29/29 MP: 3/3
  1233 | D:3      | Reached skill level 3 in Axes
  1233 | D:3      | Gained mutation: When hurt, damage is shared between your health and your magic reserves. [demonic ancestry]
  1233 | D:3      | Reached XP level 4. HP: 17/35 MP: 4/4
  2029 | D:4      | Found a glowing drain.
  2052 | Sewer    | Entered a sewer
  2111 | Sewer    | Noticed Purgy
  2120 | Sewer    | Killed Purgy
  2120 | Sewer    | Reached skill level 4 in Shields
  2120 | Sewer    | Gained mutation: You regenerate magic rapidly. [demonic ancestry]
  2120 | Sewer    | Reached XP level 5. HP: 26/41 MP: 3/5
  2275 | D:4      | Reached skill level 4 in Axes
  2399 | D:4      | HP: 1/41 [iguana (6)]
  2845 | D:2      | Killed Robin
  2845 | D:2      | Gained mutation: You sometimes gain power by taking damage. [demonic ancestry]
  2845 | D:2      | Reached XP level 6. HP: 45/47 MP: 4/6
  2929 | D:2      | Found a runed door.
  2933 | D:2      | Noticed Crazy Yiuf
  3047 | D:2      | Killed Crazy Yiuf
  3241 | D:4      | Noticed Natasha
  3263 | D:5      | Entered Level 5 of the Dungeon
  3263 | D:5      | Noticed an orc warrior
  3264 | D:5      | Noticed Prince Ribbit
  3342 | D:4      | Reached skill level 5 in Shields
  3686 | D:4      | Noticed Pikel
  3686 | D:4      | Noticed a slave
  3687 | D:4      | Noticed a slave
  3713 | D:4      | Noticed a slave
  3714 | D:4      | Noticed a slave
  3718 | D:4      | Killed Pikel
  3718 | D:4      | Reached skill level 5 in Axes
  3718 | D:4      | Reached skill level 6 in Shields
  3718 | D:4      | Gained mutation: You have sharp toenails. [demonic ancestry]
  3718 | D:4      | Reached XP level 7. HP: 27/52 MP: 5/7
  3762 | D:4      | Reached skill level 6 in Axes
  3766 | D:4      | Quit the game

Skill      XL: |  1  2  3  4  5  6  7 |
---------------+----------------------+-----
Axes           | 2 3 4 5 6 |  6.0
Shields        | 3 4 6 |  6.3
Fighting       | |  3.0
Armour         | |  2.6

Action                   |  1- 3 |  4- 6 |  7- 9 || total
-------------------------+-------+-------+-------++-------
Melee: War axe           |   139 |   134 |     8 ||   281
       Kick              |       |       |     2 ||     2
  Use: Potion            |       |     1 |       ||     1
       Scroll            |       |     7 |       ||     7
  Eat: Bread ration      |       |     1 |       ||     1
       Chunk             |       |     5 |       ||     5
Armor: Scale mail        |    66 |    71 |     1 ||   138
Dodge: Dodged            |    32 |    59 |       ||    91
Block: Shield            |    76 |    87 |     7 ||   170
